 Dungeon Crawl Stone Soup version 0.19-a0-450-g98b348d (webtiles) character file.

432 mistymad the Sneak (level 6, -2/47 HPs)
             Began as a Vampire Enchanter on June 1, 2016.
             Slain by Pikel
             ... wielding a +1 whip of flaming
              (6 damage)
             ... on level 3 of the Dungeon.
             The game lasted 00:13:50 (5490 turns).

mistymad the Sneak (Vampire Enchanter)              Turns: 5490, Time: 00:13:50

Health: -2/47      AC:  5    Str:  7    XL:     6   Next: 67%
Magic:  7/10       EV: 14    Int: 18    God:
Gold:   139        SH:  0    Dex: 16    Spells: 4 memorised, 2 levels left

rFire  . . .     SeeInvis +     a - +1 dagger
rCold  + . .     Gourm    .     b - +1 robe
rNeg   + + .     Faith    .     (no shield)
rPois  +         Spirit   .     p - +0 helmet
rElec  .         Dismiss  .     e - +0 cloak
rCorr  .         Reflect  .     (no gloves)
SustAt .         Harm     .     (no boots)
MR     .....                    (no amulet)
Stlth  ++++......               (no ring)
                                (no ring)

@: regenerating slowly, not resistant to hostile enchantments, stealthy
A: fangs 3, see invisible, unbreathing
a: Bat Form


You were on level 3 of the Dungeon.
You were very thirsty.

You visited 1 branch of the dungeon, and saw 4 of its levels.

You collected 139 gold pieces.

Inventory:

Hand Weapons
 a - a +1 dagger (weapon)
 w - a +0 dagger of protection
Armour
 b - a +1 robe (worn)
 e - a +0 cloak (worn)
 p - a +0 helmet (worn)
Jewellery
 n - an uncursed ring of poison resistance {unknown}
Wands
 x - a wand of iceblast (8/15)
Scrolls
 f - 6 scrolls of random uselessness {unknown}
 g - 2 scrolls of amnesia {unknown}
 h - 2 scrolls of enchant weapon {unknown}
 i - a scroll of fog {unknown}
 k - a scroll of noise {unknown}
 l - 3 scrolls of identify {unknown}
 o - a scroll of teleportation {unknown}
 v - a scroll of enchant armour {unknown}
Potions
 d - 3 potions of blood
 j - 3 potions of curing
 m - a potion of berserk rage {unknown}
 q - a potion of cancellation {unknown}
 r - a potion of might {unknown}
 s - 2 potions of magic {unknown}
 t - a potion of beneficial mutation {unknown}
 u - a potion of lignification {unknown}
Books
 c - a book of Maledictions

   Spells                             Type                      Level
   a - Corona                         Hexes                        1
   b - Ensorcelled Hibernation        Hexes/Ice                    2
   c - Confuse                        Hexes                        3
   d - Tukima's Dance                 Hexes                        3
   e - Dazzling Spray                 Conjuration/Hexes            3


   Skills:
 * Level 3.1 Fighting
 + Level 3.0 Short Blades
 + Level 3.7 Dodging
 + Level 5.7 Stealth
 + Level 3.0 Spellcasting
 + Level 5.5 Hexes


You had 2 spell levels left.
You knew the following spells:

 Your Spells              Type           Power        Failure   Level  Hunger
a - Corona                Hex            ###....      1%          1    None
b - Ensorcelled Hibernat  Hex/Ice        ##....       10%         2    ##.....
c - Confuse               Hex            ###.....     6%          3    ###....
d - Tukima's Dance        Hex            ###.....     6%          3    ###....


Dungeon Overview and Level Annotations

Branches:
Dungeon (4/15)
 Temple: D:4-7

Altars:
Dithmenos
Trog
Vehumet

Annotations:
D:3 Pikel


Innate Abilities, Weirdness & Mutations

You heal slowly.
You have razor-sharp teeth.
You have supernaturally acute eyesight. (SInv)
You can survive without breathing.


Message History

Pikel is lightly wounded.
Pikel barely misses you.
You closely miss Pikel.
Pikel is lightly wounded.
You barely miss Pikel.
Pikel is lightly wounded.
Pikel hits you with a whip of flaming. Pikel burns you.
You take 2 damage, and have 17/47 hp.
You hit Pikel but do no damage.
Pikel is lightly wounded.
Pikel completely misses you.
You closely miss Pikel.
Pikel is lightly wounded.
Pikel closely misses you.
You hit Pikel but do no damage.
Pikel is lightly wounded.
Pikel hits you with a whip of flaming!
* * * LOW HITPOINT WARNING * * *
Pikel burns you.
You die...

####............#.........# #
..##.........####.........# #
................+...).....# #####
#.#.............#.........###....
#.#.........#.#.#.##########<....
#.#.........#...........# #.....
#.#.#.....#.###'#.......# #.....
#.#.##.#..#......K.###..####.....
#.#.##.##.#.....@..# #..##.))....
#.........#........# #..##.......
..#.##(#####.......###.....)...##
#................................
#.####.######..#.###.#####.######
.>....................<..........
####.#....)....#######..#####.###
......(..)<#.........#..#...#....
.....######.....####.#..#.#.#.#.#


You could see Pikel.

Vanquished Creatures
  The ghost of tstbtto the Chopper, an amateur MiWr of Makhleb (D:3)
  2 slaves (D:4)
  An iguana (D:3)
  2 worker ants (D:4)
  4 gnolls
  7 adders
  2 oozes
  4 worms
  2 dart slugs
  5 giant geckos
  7 orcs
  11 giant cockroaches
  6 goblins
  9 hobgoblins
  6 jackals
  4 kobolds
  2 quokkas
  A ball python (D:3)
  6 bats
  3 giant newts
  A jackal skeleton (D:4)
  6 rats
92 creatures vanquished.

Vanquished Creatures (others)
  A hobgoblin (D:2)
  2 kobolds (D:2)
3 creatures vanquished.

Grand Total: 95 creatures vanquished

Notes
Turn   | Place    | Note
--------------------------------------------------------------
     0 | D:1      | mistymad the Vampire Enchanter began the quest for the Orb.
     0 | D:1      | Reached XP level 1. HP: 13/13 MP: 3/3
   333 | D:1      | Reached skill level 1 in Fighting
   333 | D:1      | Reached XP level 2. HP: 14/21 MP: 3/5
   540 | D:1      | Learned a level 2 spell: Ensorcelled Hibernation
   951 | D:1      | Reached XP level 3. HP: 24/26 MP: 3/6
  1079 | D:2      | Found a radiant altar of Vehumet.
  1899 | D:2      | Reached XP level 4. HP: 33/33 MP: 4/7
  2162 | D:2      | Learned a level 3 spell: Confuse
  2175 | D:2      | Found a bloodstained altar of Trog.
  2546 | D:3      | Noticed tstbtto's ghost (amateur MiWr)
  3817 | D:3      | Reached skill level 5 in Stealth
  3899 | D:3      | Reached XP level 5. HP: 38/38 MP: 1/8
  4156 | D:3      | Reached skill level 5 in Hexes
  4746 | D:3      | Killed tstbtto's ghost
  4746 | D:3      | Reached XP level 6. HP: 43/46 MP: 2/10
  4997 | D:4      | Learned a level 3 spell: Tukima's Dance
  5119 | D:4      | Found a shadowy altar of Dithmenos.
  5294 | D:4      | Noticed Pikel
  5294 | D:4      | Noticed a slave
  5294 | D:4      | Noticed a slave
  5294 | D:4      | Noticed a slave
  5297 | D:4      | Noticed a slave
  5302 | D:4      | Killed a slave
  5314 | D:4      | Killed a slave
  5490 | D:3      | Slain by Pikel

Vault maps used:
D:1:      minmay_arrival_loop
D:2:      lemuel_upstairs_altar, fiery_altar_vehumet, first_bread, trog_book
D:4:      nicolae_overflow_hidden_temple, nicolae_dithmenos_the_darkroom,
          lemuel_temple_firewalk_marked, uniq_pikel

Skill      XL: |  1  2  3  4  5  6 |
---------------+-------------------+-----
Fighting       | 1 2 3 |  3.1
Short Blades   | 2 3 |  3.0
Stealth        | 5 |  5.7
Dodging        | 3 |  3.7
Hexes          | 5 |  5.5
Spellcasting   | 3 |  3.0

Action                   |  1- 3 |  4- 6 || total
-------------------------+-------+-------++-------
Melee: Dagger            |   148 |   205 ||   353
       Bite              |     7 |    15 ||    22
 Cast: Corona            |     5 |       ||     5
       Ensorcelled Hiber |    18 |    31 ||    49
       Confuse           |       |    18 ||    18
  Use: Potion            |     3 |     6 ||     9
 Stab: Sleeping          |    17 |    34 ||    51
       Confused          |       |     5 ||     5
Armor: Robe              |    46 |    36 ||    82
Dodge: Dodged            |    89 |   101 ||   190
